Unix NetHack Version 5.0.0-0 post-release - last build May 31 2026 23:59:36 (970b52f25bf058293b47ddfd14a1e40e571c508c,branch:main).

Game began 2026-06-06 15:03:01, ended 2026-06-06 16:23:23.

Jobair, lawful female dwarven Archeologist

   ----           -------                -------
  --..---        --.|.|.---       ----  --..|..--         ---     ----
  |.....--       |........--     --..-- |....^..|       ---.---   |..|
  --.....|    -----........--    |....| --.`>...---     |.....-----..|
   |.|...|   --..........)..-----|.|.-- --........--------........@@.|
   |.|-.------..----..........|.--.|.|  |..................|...--...-----
   |%|--.......-- |(...............|.|  --.--....----------|..--|-..--..|----
   |.--|.-------  |................|.|   -----.----        ---- |.......--..--
  --.*-|.|        ---..............|.|  ---- |....----          |.[..........|
  |....|.|          --.......-....-|.|  |..------....|          ---.........-|
  --.....|           |....*......-||.| --......|----.|            |..........--
   --0----           ---..........-|.|--.......|   |.--------     --..........|
    ---                |...........|.--........--- |........--     --........--
                       |-.........-|.............| -------.*.---    --.|.--..--
                    ----........-------..........|       |.....----  -----|...|
                 ----..........--     |..........|       |-.......|      --..--
                 |....----....--      |..........---------..--....---    |...|
                 |..---  |....|       ---..........|..--...^--.*<...|    --..|
                 ----    ---.--         ---------...................|     ----
                           ---                  --.--.|..--.-----.---
                                                 ------------   ---
Jobair the Investigator    St:11 Dx:11 Co:15 In:16 Wi:15 Ch:11  Lawful
Dlvl:5  $:702 HP:0(50) Pw:22(22) AC:1  Xp:6 T:8104 

Latest messages:
 The watch captain hits Godzilla.
 The watch captain swings his silver saber at Godzilla.
 The watch captain misses Godzilla.
 You swap places with the peaceful watch captain.
 You swap places with the peaceful watch captain.
 You stop.  The watch captain is in the way!
 You swap places with the peaceful watch captain.
 You swap places with Godzilla.
 You hear an animal carcass being offered in sacrifice.
 You climb up the stairs.
 What do you want to zap?
 In what direction? 8
 The wand misses the watch captain.
 The watch captain gets angry!
 The bat misses!
 You miss the bat.
 Godzilla bites the bat.
 The bat is killed!
 Godzilla eats a bat corpse.
 What do you want to zap?
 In what direction? 4
 The wand misses the watch captain.
 What do you want to zap?
 In what direction? 4
 The wand misses the watch captain.
 What do you want to zap?
 In what direction? 4
 The wand hits the watch captain.
 The watch captain resists!
 You miss the watch captain.
 The watch captain swings his silver saber.
 The watch captain hits!
 The watch captain swings his silver saber.
 The watch captain hits again!
 You miss the watch captain.
 The watch captain swings his silver saber.
 The watch captain just misses!
 The watch captain swings his silver saber.
 The watch captain hits!
 What do you want to read?
 As you read the scroll, it disappears.
 Your hands glow a brilliant red.
 The watch captain swings his silver saber.
 The watch captain hits!
 You die...
 Do you want your possessions identified? [ynq] (y) y
 Do you want to see your attributes? [ynq] (y) y
 Do you want an account of creatures vanquished? [ynaq] (y) y
 Do you want to see your conduct and achievements? [ynq] (y) y
 Do you want to see the dungeon overview? [ynq] (y) y

Inventory:
 Coins    ('$')
  $ - 702 gold pieces
 Weapons  (')')
  T - 42 +0 darts (at the ready)
  a - a +2 bullwhip
  G - the blessed +2 Demonbane (weapon in right hand)
 Armor    ('[')
  B - a blessed +3 helmet (being worn)
  Z - an uncursed +0 pair of leather gloves (being worn)
  f - an uncursed +0 pair of low boots (being worn)
  o - an uncursed +0 large shield (being worn)
  u - an uncursed +0 dwarvish cloak (being worn)
  h - an uncursed +0 leather jacket (being worn)
 Comestibles  ('%')
  C - 2 uncursed bananas
  d - 3 uncursed food rations
  i - an uncursed food ration
  X - 3 uncursed tripe rations
  k - an uncursed tin of pureed kitten meat
  S - 2 uncursed eggs
 Scrolls  ('?')
  v - an uncursed scroll of confuse monster
  W - an uncursed scroll of enchant weapon
  t - an uncursed scroll of fire
  q - 2 uncursed scrolls of identify
  m - a cursed scroll of light
  s - an uncursed scroll of magic mapping
  p - an uncursed scroll of punishment
 Potions  ('!')
  j - an uncursed potion of gain energy
  l - an uncursed potion of object detection
 Wands    ('/')
  D - a wand of striking (0:3)
  K - a wand of undead turning (0:5)
 Tools    ('(')
  b - an uncursed sack containing 2 items
  c - an uncursed magic whistle
  w - an uncursed magic whistle
  r - an uncursed skeleton key
  n - an uncursed tallow candle
 Gems/Stones  ('*')
  P - 2 uncursed rubies
  y - 2 uncursed topaz stones
  Y - an uncursed worthless piece of orange glass
  z - an uncursed worthless piece of violet glass
  g - 2 uncursed touchstones

Contents of the sack:
  237 gold pieces
  a +0 pick-axe

Jobair the Archeologist's attributes:

Background:
 You were an Investigator, a level 6 female dwarven Archeologist.
 You were lawful, on a mission for Quetzalcoatl
 who was opposed by Camaxtli (neutral) and Huhetotl (chaotic).
 You were right-handed.
 You were in the Gnomish Mines, on level 5.
 You entered the dungeon 8104 turns ago.
 You had 570 experience points, 70 more were needed to attain level 7.

Basics:
 You had 0 out of 50 hit points.
 You had all 22 energy points (spell power).
 Your armor class was 1.
 Your wallet contained 702 zorkmids, and
 you had 237 more stashed away in your pack.
 Autopickup was off.

Final Characteristics:
 Your strength was 11 (limit:18/100).
 Your dexterity was 11 (limit:20).
 Your constitution was 15 (limit:20).
 Your intelligence was 16 (limit:16).
 Your wisdom was 15 (peak:16, limit:16).
 Your charisma was 11 (limit:16).

Final Status:
 You weren't hungry.
 You were unencumbered.
 You were wielding a mace.
 You had basic skill with mace.

Final Attributes:
 You were piously aligned.
 Your items were somewhat protected from fire.
 Your items were somewhat protected from cold.
 You had automatic searching.
 You had infravision.
 You would have confused monsters when hitting them.
 You were stealthy.
 You were warded.
 You are dead.

Miscellaneous:
 You didn't encounter any bones levels.
 Total elapsed playing time was 1 hour, 20 minutes and 21 seconds.

Major events:
 Turn
    1: Jobair the lawful female dwarven Archeologist entered the dungeon
  819: attained the rank of Field Worker (level 3)
 1835: entered the Gnomish Mines
 2991: reached Mine Town
 5604: was bestowed with Demonbane by Quetzalcoatl
 6957: attained the rank of Investigator (level 6)
 8104: killed by a watch captain

You didn't know any spells.

Skills:
 Fighting Skills
   bare handed combat [Unskilled]
   two weapon combat  [Unskilled]
   riding             [Unskilled]
 Weapon Skills
   dagger             [Unskilled]
   knife              [Unskilled]
   pick-axe           [Basic]
   short sword        [Unskilled]
   saber              [Unskilled]
   club               [Unskilled]
   mace               [Basic]
   quarterstaff       [Unskilled]
   sling              [Unskilled]
   dart               [Unskilled]
   boomerang          [Unskilled]
   whip               [Basic]
   unicorn horn       [Unskilled]
 Spellcasting Skills
   attack spells      [Unskilled]
   healing spells     [Unskilled]
   divination spells  [Unskilled]
   matter spells      [Unskilled]

Voluntary challenges:
 Character rerolling was not enabled.
 You never genocided any monsters.
 You never polymorphed an object.
 You never changed form.
 You used no wishes.
Achievements:
 You entered a shop.
 You attained the rank of Field Worker.
 You entered the Gnomish Mines.
 You entered Minetown.
 You entered a temple.
 You attained the rank of Investigator.

 The Dungeons of Doom: levels 1 to 4
    Level 1:
       An altar to Quetzalcoatl.
    Level 2:
       A scroll shop, an altar to Quetzalcoatl, a fountain.
       Stairs down to The Gnomish Mines.
    Level 3:
       A bookstore, some fountains.
    Level 4:
 The Gnomish Mines: levels 3 to 8
    Level 3:
    Level 4:
    Level 5: <- You were here.
       Final resting place for
          you, killed by a watch captain.
    Level 6:
       Many shops, a temple and an altar, many fountains.
    Level 7:
    Level 8:


Vanquished creatures:
  4 small mimics
  3 watchmen
  a leprechaun
  a giant spider
 an owlbear
  a chickatrice
  a raven
  2 imps
  a mountain nymph
  2 rock piercers
  a rock mole
  2 fog clouds
  a shrieker
 14 gnome leaders
  2 gnomish wizards
  a kobold mummy
 an elf zombie
  8 giant ants
  2 little dogs
  a floating eye
  3 dwarves
  4 homunculi
  a kobold leader
  2 hill orcs
  5 rothes
  a centipede
  a giant bat
 an orc zombie
  a dwarf zombie
  2 wererats
  2 werejackals
  2 iguanas
  5 acid blobs
  5 coyotes
  4 hobbits
  7 manes
  a large kobold
  6 giant rats
  3 cave spiders
  a yellow mold
 49 gnomes
  2 gnome zombies
  4 geckos
 18 jackals
  a fox
  5 kobolds
  6 sewer rats
 11 grid bugs
  6 bats
  3 lichens
  2 kobold zombies
  7 newts
221 creatures vanquished.

No species were genocided or became extinct.

Game over:
                       ----------
                      /          \
                     /    REST    \
                    /      IN      \
                   /     PEACE      \
                  /                  \
                  |      Jobair      |
                  |      939 Au      |
                  |   killed by a    |
                  |  watch captain   |
                  |                  |
                  |                  |
                  |       2026       |
                 *|     *  *  *      | *
        _________)/\\_//(\/(/\)/\//\/|_)_______

Goodbye Jobair the Archeologist...

You died in The Gnomish Mines on dungeon level 5 with 3476 points,
and 939 pieces of gold, after 8104 moves.
You were level 6 with a maximum of 50 hit points when you died.

